AoeStats
← old f1sh

Arena

509307612Analyzed
4v4 RM · 6d ago on Sep 26, 2026· 49m 5s· 8 players
Game mode
Random Map
Map size
Large (8 player)
Population
200
Speed
Normal
Resources
Standard
Victory
Conquest
Starting age
Dark Age
Ending age
Imperial Age
RankedLock teamsTeams togetherTeam positionsShared explorationLock speedFull tech treeHidden civsTurbo modeCheats
Victory
Defeat
🇨🇳 Armenians · China
1641
+12
🇨🇳 Spanish · China
1582
+14
1481
+19
🇨🇳 Dravidians · China
1456
+20
🇦🇺 Italians · Australia
1606
-19
🇮🇱 Khmer · Israel
1589
-18
1541
-16
🇨🇳 Ethiopians · China
1440
-12
给你一棒槌
9:56 Feudal Age
13:24 Castle Age
12:05 Double-Bit Axe
12:37 Horse Collar
20:11 Wheelbarrow
20:36 Bow Saw
21:04 Heavy Plow
21:58 Gold Mining
22:30 Hand Cart
28:28 Imperial Age
25:46 Town Watch
25:46 Loom
26:08 Fletching
27:21 Bodkin Arrow
28:17 Padded Archer Armor
28:20 Husbandry
29:00 Medical Corps
28:45 Elite Elephant Archer
29:36 Bracer
29:52 Leather Archer Armor
30:38 Chemistry
29:59 Ballistics
30:22 Thumb Ring
30:42 Conscription
31:42 Coinage
33:27 Guilds
32:50 Elite Skirmisher
36:51 Banking
37:06 Ring Archer Armor
40:20 Pikeman
41:00 Squires
40:45 Arson
41:47 Wootz Steel
41:40 Stone Mining
42:49 Halberdier
44:58 Two-Man Saw
44:29 Scale Mail Armor
44:41 Forging
44:28 Gambesons
44:03 Man-at-Arms
45:46 Chain Mail Armor
46:06 Iron Casting
46:07 Long Swordsman
48:32 Plate Mail Armor
48:44 Masonry
49:10 Hoardings
49:24 Arrowslits
49:35 Murder Holes
50:42 Blast Furnace
acyhjujaxuzjkt
12:42 Feudal Age
14:30 Double-Bit Axe
14:52 Horse Collar
17:25 Castle Age
15:27 Gold Mining
16:26 Bloodlines
17:23 Padded Archer Armor
18:58 Leather Archer Armor
18:44 Husbandry
27:21 Bow Saw
28:30 Heavy Plow
31:44 Wheelbarrow
30:55 Loom
33:44 Hand Cart
38:30 Imperial Age
35:50 Town Watch
36:40 Scale Barding Armor
36:46 Forging
37:49 Chain Barding Armor
38:47 Iron Casting
38:37 Cavalier
39:44 Conscription
40:01 Plate Barding Armor
41:26 Blast Furnace
39:59 Paladin
44:44 Light Cavalry
46:32 Two-Man Saw
46:16 Hussar
old f1sh
10:27 Feudal Age
11:32 Double-Bit Axe
14:28 Castle Age
12:49 Horse Collar
16:14 Bow Saw
21:19 Wheelbarrow
24:52 Hand Cart
24:30 Gold Mining
26:52 Loom
29:50 Imperial Age
28:46 Gold Shaft Mining
28:17 Heavy Plow
28:39 Scale Mail Armor
28:49 Forging
28:41 Squires
28:26 Gambesons
28:26 Arson
28:12 Pikeman
28:46 Man-at-Arms
29:55 Chain Mail Armor
29:46 Long Swordsman
30:59 Conscription
30:45 Fereters
30:06 Pikeman
30:16 Capped Ram
30:40 Treadmill Crane
31:22 Guilds
30:39 Two-Handed Swordsman
30:44 Halberdier
32:47 Plate Mail Armor
31:57 Siege Ram
32:45 Champion
37:08 Caravan
38:41 Coinage
39:46 Town Watch
40:36 Fortified Wall
44:55 Stone Mining
V我50%匡扶汉室
11:00 Feudal Age
15:12 Castle Age
13:31 Horse Collar
14:44 Double-Bit Axe
16:52 Bow Saw
20:37 Heavy Plow
22:39 Gold Mining
28:09 Imperial Age
26:33 Loom
27:08 Fletching
27:19 Padded Archer Armor
28:23 Elite Ratha (Ranged)
29:17 Bodkin Arrow
29:37 Leather Archer Armor
29:29 Scale Barding Armor
29:35 Forging
30:38 Bracer
31:41 Bloodlines
31:31 Husbandry
37:38 Ring Archer Armor
37:48 Light Cavalry
43:59 Chain Barding Armor
43:50 Forging
Wavelogic
10:12 Feudal Age
13:30 Castle Age
11:21 Horse Collar
11:55 Double-Bit Axe
13:47 Light Cavalry
20:48 Sanctity
22:02 Bow Saw
23:13 Wheelbarrow
28:27 Imperial Age
26:30 Husbandry
26:40 Heavy Plow
26:59 Hand Cart
28:07 Scale Barding Armor
28:31 Bloodlines
28:08 Loom
28:34 Town Watch
29:40 Chain Barding Armor
32:29 Plate Barding Armor
32:09 Forging
33:06 Gold Mining
32:38 Elite Battle Elephant
34:53 Gold Shaft Mining
34:09 Stone Mining
34:25 Devotion
37:12 Tusk Swords
37:33 Conscription
38:21 Stone Shaft Mining
38:28 Iron Casting
42:10 Blast Furnace
42:34 Hoardings
46:22 Caravan
ResonanceFreq
10:05 Feudal Age
13:47 Castle Age
12:05 Double-Bit Axe
12:53 Horse Collar
14:14 Loom
15:14 Bow Saw
21:35 Wheelbarrow
22:17 Fletching
22:54 Gold Mining
23:12 Town Watch
24:42 Bodkin Arrow
25:11 Ballistics
28:52 Imperial Age
26:58 Stone Mining
27:21 Padded Archer Armor
28:42 Hand Cart
29:01 Leather Archer Armor
29:40 Stone Shaft Mining
29:50 Bracer
31:33 Chemistry
31:19 Ring Archer Armor
32:07 Elite Genoese Crossbowman
33:40 Conscription
34:40 Two-Man Saw
34:14 Thumb Ring
36:21 Scale Barding Armor
37:01 Masonry
37:03 Light Cavalry
37:44 Husbandry
37:54 Bloodlines
灯窝森曾瑞卜药方松滴
10:45 Feudal Age
14:22 Castle Age
13:12 Double-Bit Axe
15:42 Bow Saw
15:29 Horse Collar
19:12 Heavy Plow
19:50 Wheelbarrow
20:36 Fletching
21:31 Bodkin Arrow
21:54 Husbandry
22:46 Gold Mining
24:41 Ballistics
25:19 Loom
26:24 Thumb Ring
33:35 Imperial Age
32:16 Elite Skirmisher
33:41 Hand Cart
33:29 Treadmill Crane
33:46 Murder Holes
35:09 Bracer
36:51 Chemistry
35:37 Arrowslits
38:46 Two-Man Saw
40:41 Eupseong
41:02 Conscription
42:29 Conscription
42:15 Heated Shot
44:00 Masonry
45:42 Pikeman
46:23 Squires
46:25 Scale Mail Armor
46:35 Forging
46:37 Halberdier
Elite Noob
10:40 Feudal Age
12:20 Double-Bit Axe
14:52 Castle Age
13:05 Horse Collar
16:50 Bow Saw
19:05 Loom
21:20 Wheelbarrow
21:49 Gold Mining
24:16 Gold Shaft Mining
24:37 Hand Cart
28:31 Imperial Age
26:22 Heavy Plow
28:44 Heavy Scorpion
30:44 Chemistry
30:05 Ballistics
29:16 Capped Ram
30:43 Scale Mail Armor
30:53 Forging
30:47 Torsion Engines
30:35 Siege Ram
32:34 Two-Man Saw
32:42 Siege Engineers
35:08 Chain Mail Armor
35:28 Iron Casting
34:58 Squires
34:46 Arson
34:29 Halberdier
37:55 Plate Mail Armor
Connection lost

Rejoining the realm…

Still unreachable

The connection could not be restored.

Session expired

The server has moved on; the page needs a fresh start.